 Dungeon Crawl Stone Soup version 0.30.1-11-g7821555f0a (webtiles) character file.

Game seed: 14366828245476960170

1244 joob2 the Conjurer (level 8, 0/56 (63) HPs)
             Began as a Demigod Conjurer on Jan 14, 2024.
             Slain by a wight
             ... wielding a +3 flail
              (11 damage)
             ... on level 6 of the Dungeon.
             The game lasted 00:14:39 (5870 turns).

joob2 the Conjurer (Demigod Conjurer)               Turns: 5870, Time: 00:14:40

HP:   0/56 (63)     AC:  2    Str: 12    XL:     8   Next: 5%
MP:   13/16         EV: 13    Int: 27    God:
Gold: 445           SH:  0    Dex: 12    Spells: 2/13 levels left

rFire   . . .        b - +9 hammer "Zykk" {holy, Int+3}
rCold   . . .        (no shield)
rNeg    . . .        h - +0 robe
rPois   .            (no helmet)
rElec   .            (no cloak)
rCorr   .            (no gloves)
SInv    .            (no boots)
Will    +....        m - amulet of magic regeneration
Stlth   +++          t - ring of willpower
HPRegen 0.29/turn    F - ring of flight
MPRegen 0.55/turn

%: no passive effects
@: flying, very slightly contaminated, heavily drained
A: high MP 1, forlorn, divine attributes
a: no special abilities


You were on level 6 of the Dungeon.
You visited 1 branch of the dungeon, and saw 6 of its levels.
You also visited: Ossuary.

You collected 635 gold pieces.
You spent 190 gold pieces at shops.

Inventory:

Hand Weapons
 a - a +0 dagger of venom
 b - the +9 hammer "Zykk" (weapon) {holy, Int+3}
   (You found it on level 3 of the Dungeon)

   Int:       It affects your intelligence (+3).
 x - a +5 war axe
Missiles
 q - 4 javelins
Armour
 h - a +0 robe (worn)
 I - a +0 buckler
Jewellery
 m - an amulet of magic regeneration (around neck)
 s - a ring of ice
 t - a ring of willpower (left hand)
 F - a ring of flight (right hand)
Wands
 w - a wand of flame (39)
 E - a wand of roots (8)
Scrolls
 d - 3 scrolls of fear
 g - a scroll of poison
 k - 2 scrolls of enchant weapon
 n - 2 scrolls of amnesia
 p - 2 scrolls of noise
 y - a scroll of silence
 D - a scroll of immolation
 G - 2 scrolls of identify
 H - a scroll of teleportation {unknown}
Potions
 c - a potion of cancellation
 e - 3 potions of berserk rage {unknown}
 f - 3 potions of brilliance
 i - a potion of ambrosia {unknown}
 j - 3 potions of haste
 l - 2 potions of invisibility {unknown}
 o - a potion of might {unknown}
 r - 6 potions of curing
 u - 2 potions of magic
 v - a potion of lignification {unknown}
 z - 2 potions of attraction
 A - a potion of heal wounds
 B - 2 potions of flight {unknown}
 C - 4 potions of mutation
 J - a potion of degeneration {unknown}


   Skills:
 - Level 3.0 Fighting
 + Level 1.6 Throwing
 - Level 5.0 Dodging
 - Level 5.0 Stealth
 + Level 3.4 Spellcasting
 - Level 5.0 Conjurations
 + Level 1.6 Evocations


You had 2 spell levels left.
You knew the following spells:

 Your Spells              Type           Power      Damage    Failure   Level
a - Magic Dart            Conj           100%       1d8       1%          1
b - Searing Ray           Conj           62%        2d6       1%          2
c - Fulminant Prism       Conj/Hex       9%         3d7       30%         4
d - Iskenderun's Mystic   Conj/Tloc      18%        2d6       30%         4

Your spell library contained the following spells:

 Spells                   Type           Power      Damage    Failure   Level
 Cigotuvi's Dreadful Rot  Necr/Pois/Air  8%         N/A       13%         2
 Lesser Beckoning         Tloc           8%         N/A       13%         2
 Dazzling Flash           Conj/Hex       36%        N/A       9%          3
 Gell's Gravitas          Tloc           4%         N/A       26%         3
 Ignite Poison            Fire/Tmut/Pois 4%         N/A       26%         3
 Teleport Other           Tloc           4%         N/A       26%         3
 Freezing Cloud           Conj/Ice/Air   6%         6-21      75%         5


Dungeon Overview and Level Annotations

Branches:
Dungeon (6/15)            Ossuary (visited)
 Temple: D:4-7

Shops:
D:5 *

Annotations:
D:3 1 runed translucent door, Crazy Yiuf
D:4 Edmund
D:5 2 transporters, Urdicil's ghost, amateur FeSu


Innate Abilities, Weirdness & Mutations

You have an increased reservoir of magic. (+10% MP)
You shall have no god before yourself.
Your divine heritage dramatically boosts your attributes as you level up.


Message History

Press: ? - help, Shift-Dir - straight line, f - wight
Aim: a wight, wielding a +3 flail and wearing a +0 robe (79% to hit)
The searing ray hits the wight.
The wight is lightly damaged. (Press . to maintain the ray.)
The searing ray misses the wight.
The searing ray hits the wight.
The wight is heavily damaged.
The searing ray hits the wight.
The wight is heavily damaged.
You finish channelling your searing ray.
The wight completely misses you.
You barely miss the wight.
The wight is heavily damaged.
The wight misses you. The wight hits you with a +3 flail!
You feel drained.
You barely miss the wight.
The wight is heavily damaged.
The wight closely misses you.
You hit the wight but do no damage.
The wight is heavily damaged.
The wight hits you with a +3 flail!
You feel drained. The wight barely misses you.
You hit the wight but do no damage.
The wight is heavily damaged.
The wight hits you with a +3 flail!
You feel drained.
You closely miss the wight.
The wight is heavily damaged.
The wight hits you with a +3 flail!
You feel drained.
You hit the wight but do no damage.
The wight is heavily damaged.
The wight completely misses you. The wight hits you with a +3 flail!
* * * LOW HITPOINT WARNING * * *
Unknown command.
Casting: Searing Ray (safe; 1% risk of failure)
Confirm with . or Enter, or press ? or * to list all spells.
The spell is quite dangerous to miscast (30% risk of failure)!
Continue anyway?
You miscast Iskenderun's Mystic Blast.
You are very lightly contaminated with residual magic.
Nothing appears to happen.
The wight hits you with a +3 flail!
You die...

#...#...#
#.......##
#........####
#............
##.......##..
##........###.
##...#'#..## #.
######....'_'..# #.
#.z@......#'#.## #.
.....#####.......##
#. ### ##.....## #.
###...## ##.
##...## #..
##...####..
##...##...
##...#... ##......


You could see a wight.

Vanquished Creatures
  2 sky beasts (D:6)
  A phantom (D:5)
  4 scorpions
  3 wights (D:6)
  An electric eel (D:6)
  A hound (D:6)
  A jelly (D:5)
  4 orc priests
  2 orc wizards
  8 mummies (Ossuary)
  3 gnolls (D:5)
  5 adders
  2 shadow imps (D:5)
  2 worms
  A dart slug (D:2)
  28 orcs
  2 bats
  4 endoplasms
  4 giant cockroaches
  4 gnoll zombies (Ossuary)
  8 goblins
  7 hobgoblins
  3 jackals (D:5)
  9 kobolds
  A quokka (D:2)
  6 ball pythons
  2 frilled lizards (D:1)
  2 hobgoblin zombies (Ossuary)
  2 kobold zombies (Ossuary)
  3 rats
125 creatures vanquished.

Notes
Turn   | Place    | Note
-------+----------+-------------------------------------------
     0 | D:1      | joob2 the Demigod Conjurer began the quest for the Orb.
     0 | D:1      | Reached XP level 1. HP: 14/14 MP: 5/5
   322 | D:1      | Reached XP level 2. HP: 20/20 MP: 2/7
   325 | D:1      | Learned a level 2 spell: Searing Ray
  1383 | D:2      | Reached XP level 3. HP: 26/26 MP: 7/9
  1922 | D:3      | Reached XP level 4. HP: 31/33 MP: 6/11
  2438 | D:3      | Reached skill level 5 in Conjurations
  2438 | D:3      | Reached skill level 1 in Fighting
  2439 | D:3      | Reached XP level 5. HP: 36/40 MP: 6/12
  2563 | D:3      | Identified the +9 hammer "Zykk" {holy, Int+3}
  2567 | D:3      | Found a runed translucent door.
  2568 | D:3      | Noticed Crazy Yiuf
  3031 | D:4      | Noticed Edmund
  3776 | D:4      | You fall into a shaft and drop 1 floor!
  3776 | D:5      | Entered Level 5 of the Dungeon
  3798 | D:5      | Reached XP level 6. HP: 47/51 MP: 11/13
  3927 | D:5      | Found Yraokk's Assorted Antiques.
  3969 | D:5      | Bought a clear potion for 23 gold pieces
  3969 | D:5      | Bought an amethyst potion for 23 gold pieces
  3969 | D:5      | Bought a fuming clear potion for 23 gold pieces
  3969 | D:5      | Bought a fuming yellow potion for 23 gold pieces
  3969 | D:5      | Bought a fuming inky potion for 23 gold pieces
  3969 | D:5      | Bought a fuming yellow potion for 23 gold pieces
  3969 | D:5      | Bought a scroll labelled BUJ MAZORISIES for 26 gold pieces
  3969 | D:5      | Bought a scroll labelled CECORE SOJATWID for 26 gold pieces
  4338 | D:5      | Learned a level 4 spell: Fulminant Prism
  4385 | D:5      | Learned a level 4 spell: Iskenderun's Mystic Blast
  4426 | D:5      | Found a transporter.
  4436 | D:5      | Noticed Urdicil's ghost (amateur FeSu)
  4440 | D:5      | Identified the +10 spear of Diet Blood {elec, rN+}
  4628 | D:5      | Found a transporter.
  4746 | D:6      | Reached XP level 7. HP: 32/57 MP: 11/14
  4819 | D:6      | Found a sand-covered staircase.
  4825 | Ossuary  | Entered an ossuary
  5205 | D:6      | Reached skill level 5 in Stealth
  5378 | D:6      | Reached skill level 5 in Dodging
  5453 | D:6      | Reached skill level 1 in Throwing
  5453 | D:6      | Reached skill level 1 in Evocations
  5602 | D:6      | Reached XP level 8. HP: 24/63 MP: 13/16
  5870 | D:6      | Slain by a wight

Illustrated notes

Levels and vault maps discovered:
D:1:      psy_arrival_conway, layout_basic, minivault_27
D:2:      layout_basic
D:3:      layout_loops_ring, old_standard_altar,
          nicolae_overflow_ecumenical_swirl, serial_co_window_serial,
          co_window_of_opportunity_a, co_window_corner_a, co_window_cross_1,
          co_window_paths_a, co_window_cross_1, co_window_paths_a,
          co_window_paths_c, co_window_corner_b, co_window_of_opportunity_b,
          co_window_broadway_a, co_window_broadway_b, co_window_paths_c,
          glass_columns_a, glass_columns_b, kennysheep_orc_chapel,
          uniq_crazy_yiuf_cottage
D:4:      layout_basic, okawaru_altar_gauntlet_db, uniq_edmund
D:5:      layout_cave_pools, lemuel_crystal_altar, serial_shops, shop,
          gammafunk_ghost_gnarly_gnolls
D:6:      layout_cave_pods, kennysheep_mini,
          nicolae_ossuary_entry_false_entrances, serial_bayou_lagoon_b

Skill      XL: |  1  2  3  4  5  6  7 |
---------------+----------------------+-----
Dodging        | 2 3 5 |  5.0
Stealth        | 2 4 5 |  5.0
Spellcasting   | 2 3 |  3.4
Conjurations   | 4 5 |  5.0
Fighting       | 1 3 |  3.0
Throwing       | 1 |  1.6
Evocations     | 1 |  1.6

Action                     |  1- 3 |  4- 6 |  7- 9 || total
---------------------------+-------+-------+-------++-------
  Melee: Unarmed           |     2 |       |       ||     2
         Dagger            |    17 |    11 |       ||    28
         Punch             |     1 |     1 |     1 ||     3
         Mace              |       |    12 |    26 ||    38
   Cast: Magic Dart        |    60 |    76 |    55 ||   191
         Searing Ray       |     6 |    22 |    11 ||    39
    Use: Scroll            |       |     9 |     2 ||    11
         Potion            |       |     2 |     1 ||     3
   Stab: Sleeping          |     1 |     1 |     2 ||     4
 Armour: Robe              |     9 |     1 |     1 ||    11
  Dodge: Dodged            |    14 |    23 |    16 ||    53
